Map: Lerilak Crest

Players

LiquidTLO (TLO) - Winner!

  • Race: Zerg Zerg
  • League: Grandmaster

MajeStic

  • Race: Protoss Protoss
  • League: Grandmaster

Event: DreamHack ROCCAT LotV Championship

VOD

Have the link to the VOD?

Description

Time

  • Played on: Nov. 26, 2015, 11:23 a.m.
  • Length: 12:40

All games in this series

Show
View Real Time Build Order
Export as new Build Order

LiquidTLO Zerg - Winner!

Build Orders: Hatch First 

Get SALT Encoding   

  12  0:01  Drone  
  13  0:12  Overlord  
  13  0:17  Drone  
  14  0:30  Drone  
  14  0:31  Drone  
  16  0:48  Hatchery  
  15  0:51  Drone  
  15  0:54  Drone  
  17  1:09  Spawning Pool  
  16  1:11  Drone  
  16  1:15  Drone  
  18  1:35  Hatchery  
  18  1:40  Drone  
  18  1:42  Drone  
  18  1:45  Drone  
  20  1:56  Queen  
  22  2:04  Queen  
  22  2:07  Zergling x2  
  25  2:12  Overlord  
  25  2:18  Drone  
  25  2:19  Drone  
  25  2:20  Drone  
  28  2:30  Drone  
  28  2:32  Queen  
  31  2:39  Drone x2  
  31  2:42  Queen  
  35  2:47  Overlord  
  35  2:50  Drone  
  36  2:57  Queen  
  38  3:02  Zergling x2  
  38  3:04  Drone x2  
  40  3:06  Zergling x2  
  40  3:12  Zergling x2  
  42  3:14  Drone  
  42  3:16  Zergling x4  
  42  3:17  Drone  
  42  3:18  Extractor x2  
  42  3:19  Drone  
  45  3:23  Drone x2  
  45  3:27  Overlord  
  47  3:28  Drone  
  48  3:36  Drone, Overlord  
  48  3:39  Overlord  
  49  3:41  Overlord  
  49  3:44  Drone  
  49  3:50  Zergling x2  
  49  3:54  Zergling x2  
  51  3:56  Spore Crawler  
  51  3:57  Drone  
  51  4:00  Drone x2  
  51  4:02  Drone x2  
  55  4:04  Drone  
  55  4:06  Evolution Chamber  
  55  4:09  Zergling x2  
  56  4:10  Zergling x2  
  56  4:11  Zergling x2  
  56  4:15  Spore Crawler  
  54  4:17  Metabolic Boost  
  54  4:20  Drone  
  54  4:21  Drone  
  56  4:25  Drone  
  56  4:27  Drone  
  56  4:28  Drone  
  56  4:29  Drone  
  56  4:31  Drone  
  59  4:32  Drone  
  59  4:37  Zerg Melee Weapons Level 1  
  59  4:38  Drone x2  
  62  4:41  Drone x2  
  62  4:42  Drone  
  65  4:51  Drone  
  66  4:53  Lair, Extractor  
  66  4:54  Extractor  
  66  4:58  Spore Crawler  
  66  4:59  Zergling x4  
  63  5:08  Zergling x8  
  63  5:09  Zergling x8  
  63  5:10  Zergling x4  
  63  5:11  Zergling x2  
  63  5:12  Zergling x2  
  74  5:17  Drone  
  74  5:18  Extractor  
  74  5:20  Drone, Queen, Extractor  
  74  5:23  Drone  
  74  5:25  Drone  
  76  5:31  Drone  
  76  5:35  Drone x4  
  81  5:36  Drone  
  82  5:45  Overlord x2  
  82  5:56  Hatchery  
  80  5:58  Drone x2  
  80  5:59  Spire  
  78  6:05  Drone  
  78  6:07  Drone x4  
  83  6:12  Overlord  
  83  6:13  Zergling x2  
  83  6:18  Overlord  
  84  6:26  Overseer  
  84  6:27  Evolution Chamber, Drone x3  
  84  6:28  Drone, Overlord  
  84  6:32  Zerg Melee Weapons Level 2  
  87  6:35  Overlord  
  87  6:36  Overlord  
  87  6:50  Drone  
  87  6:51  Drone x3  
  91  6:54  Zerg Ground Armor Level 1  
  91  6:55  Overlord  
  91  7:07  Overlord  
  91  7:12  Zerg Flyer Weapons Level 1  
  91  7:14  Mutalisk x3, Overseer  
  91  7:15  Mutalisk x8  
  109  7:20  Mutalisk  
  113  7:23  Infestation Pit  
  113  7:29  Mutalisk  
  113  7:31  Mutalisk  
  113  7:36  Zergling x4  
  115  7:43  Drone x6  
  115  7:44  Drone x3, Overlord  
  124  7:45  Zergling x12  
  124  7:50  Baneling Nest, Queen  
  131  7:55  Zergling x2  
  131  7:58  Zergling x2  
  133  8:00  Hive  
  133  8:01  Pathogen Glands  
  133  8:07  Zergling x4  
  133  8:08  Zergling x2  
  133  8:10  Zergling x2  
  133  8:11  Zergling x12  
  136  8:13  Mutalisk  
  136  8:16  Mutalisk  
  136  8:18  Mutalisk  
  140  8:20  Mutalisk  
  136  8:34  Mutalisk  
  136  8:35  Zergling x6  
  136  8:37  Zergling x6  
  136  8:38  Zergling x10  
  149  8:41  Mutalisk  
  149  8:46  Mutalisk  
  134  8:49  Zergling x6  
  134  8:54  Drone  
  122  8:58  Zergling x20  
  122  9:01  Extractor  
  122  9:02  Zergling x2  
  121  9:03  Extractor x2, Zergling x2  
  121  9:04  Zergling x2  
  121  9:07  Zerg Ground Armor Level 2  
  120  9:15  Drone x3  
  123  9:19  Drone  
  124  9:25  Zerg Melee Weapons Level 3  
  124  9:27  Zergling x4  
  126  9:32  Drone x4  
  126  9:34  Adrenal Glands  
  130  9:44  Zergling x4  
  133  9:45  Drone, Ultralisk Cavern  
  132  9:53  Infestor  
  132  9:54  Zergling x2  
  132  9:55  Zergling x4  
  132  9:57  Hatchery  
  132  9:58  Zergling x4  
  138  10:00  Zergling x2  
  138  10:01  Zergling x2  
  138  10:03  Zergling x2  
  140  10:08  Zergling x4  
  140  10:10  Overlord  
  140  10:12  Infestor  
  140  10:14  Zergling x2  
  140  10:18  Overlord x2  
  139  10:28  Drone  
  139  10:29  Drone x2  
  139  10:32  Chitinous Plating  
  139  10:34  Overseer x2  
  142  10:35  Spore Crawler  
  142  10:37  Ultralisk  
  142  10:38  Spine Crawler x2  
  142  10:39  Ultralisk  
  151  10:45  Ultralisk  
  157  10:55  Ultralisk  
  159  10:59  Ultralisk, Zergling x2  
  166  11:07  Ultralisk  
  166  11:09  Overlord  
  166  11:10  Overlord  
  170  11:16  Greater Spire  
  169  11:20  Zergling x2  
  169  11:31  Zergling x2  
  169  11:32  Ultralisk x2  
  182  11:37  Zergling x2  
  183  11:45  Spine Crawler  
  183  11:46  Spore Crawler  
  181  11:48  Spine Crawler  
  180  11:59  Zergling x4  
  180  12:01  Overseer  
  182  12:04  Zergling x4  
  182  12:05  Zergling x2  
  182  12:06  Zergling x2  
  182  12:08  Zergling x4  
Show
View Real Time Build Order
Export as new Build Order

MajeStic Protoss 

Build Orders: Nexus First 

Get SALT Encoding   

  12  0:00  Probe (Chrono Boost)  
  13  0:11  Probe (Chrono Boost)  
  14  0:20  Pylon  
  14  0:22  Probe (Chrono Boost)  
  15  0:38  Probe (Chrono Boost)  
  16  0:48  Probe (Chrono Boost)  
  17  0:58  Nexus  
  17  1:10  Gateway  
  18  1:11  Probe (Chrono Boost)  
  18  1:16  Assimilator  
  18  1:22  Probe (Chrono Boost)  
  18  1:25  Assimilator  
  19  1:32  Probe (Chrono Boost)  
  20  1:43  Probe (Chrono Boost)  
  20  1:46  Gateway  
  21  1:53  Probe (Chrono Boost)  
  22  1:58  Cybernetics Core  
  22  2:04  Probe (Chrono Boost)  
  23  2:10  Probe (Chrono Boost)  
  23  2:14  Probe (Chrono Boost)  
  25  2:21  Probe (Chrono Boost)  
  26  2:25  Probe (Chrono Boost)  
  27  2:31  Probe (Chrono Boost)  
  27  2:35  Probe (Chrono Boost)  
  27  2:36  Stalker x2 (Chrono Boost)  
  33  2:42  Pylon  
  33  2:47  Mothership Core  
  33  2:49  Probe  
  36  2:52  Warp Gate  
  36  3:01  Probe  
  37  3:08  Stalker (Chrono Boost), Probe  
  37  3:09  Stalker (Chrono Boost)  
  42  3:13  Probe  
  43  3:20  Pylon  
  43  3:21  Probe (Chrono Boost)  
  43  3:25  Probe (Chrono Boost)  
  45  3:31  Pylon  
  45  3:32  Probe (Chrono Boost)  
  46  3:38  Sentry x2, Probe (Chrono Boost)  
  51  3:43  Probe (Chrono Boost)  
  52  3:49  Probe (Chrono Boost)  
  52  3:51  Assimilator  
  52  3:53  Probe (Chrono Boost)  
  52  3:55  Assimilator  
  54  3:59  Probe (Chrono Boost)  
  55  4:04  Probe (Chrono Boost)  
  55  4:06  Robotics Facility  
  55  4:07  Forge  
  55  4:09  Pylon  
  56  4:10  Probe (Chrono Boost)  
  56  4:14  Probe (Chrono Boost)  
  58  4:20  Probe (Chrono Boost)  
  59  4:25  Probe (Chrono Boost)  
  59  4:31  Probe (Chrono Boost)  
  61  4:36  Probe (Chrono Boost)  
  62  4:39  Gateway  
  62  4:40  Gateway  
  62  4:41  Probe (Chrono Boost), Protoss Ground Weapons Level 1 (Chrono Boost)  
  63  4:46  Probe (Chrono Boost), Pylon  
  63  4:48  Pylon  
  64  4:53  Probe (Chrono Boost), Observer  
  64  4:54  Nexus  
  66  5:12  Probe x2, Warp Prism  
  68  5:20  Robotics Bay  
  70  5:22  Gateway  
  70  5:23  Gateway  
  70  5:31  Gateway  
  70  5:33  Gateway  
  70  5:39  Pylon  
  70  5:41  Sentry  
  70  5:42  Sentry  
  74  5:44  Pylon  
  74  5:45  Adept x2  
  78  5:52  Immortal  
  79  6:08  Twilight Council  
  79  6:09  Adept  
  79  6:10  Adept  
  83  6:15  Sentry  
  83  6:18  Nexus  
  83  6:24  Adept  
  82  6:27  Gravitic Drive  
  82  6:28  Pylon  
  82  6:35  Pylon x2  
  82  6:39  Adept  
  84  6:40  Adept x2  
  84  6:42  Stalker x3  
  94  6:48  Adept, Pylon  
  94  6:49  Adept, Disruptor  
  94  6:51  Probe x2  
  103  6:55  Protoss Ground Weapons Level 2 (Chrono Boost)  
  103  7:01  Pylon  
  103  7:03  Blink  
  103  7:14  Stalker x2  
  106  7:17  Adept  
  108  7:24  Nexus  
  111  7:34  Pylon  
  111  7:42  Stalker x3, Warp Prism  
  111  7:43  Stalker x2  
  110  7:52  Stalker  
  110  7:56  Stalker  
  114  8:00  Pylon  
  114  8:01  Stalker  
  116  8:07  Stalker  
  116  8:09  Mothership Core  
  118  8:13  Stalker  
  118  8:14  Adept  
  122  8:42  Stalker x3  
  122  8:44  Stalker x3  
  122  8:45  Adept  
  122  8:51  Stalker  
  122  8:52  Stalker x4  
  105  8:59  Probe x2  
  93  9:02  Pylon  
  80  9:10  Sentry, Stalker x2  
  80  9:11  Probe  
  80  9:15  Pylon, Assimilator  
  87  9:21  Pylon  
  87  9:23  Sentry, Adept  
  91  9:27  Probe  
  91  9:28  Assimilator  
  91  9:30  Adept  
  94  9:33  Adept  
  96  9:39  Stalker x2  
  96  9:42  Adept  
  102  9:46  Warp Prism  
  102  9:52  Protoss Ground Armor Level 1 (Chrono Boost)  
  104  9:58  Stalker  
  104  9:59  Stalker  
  106  10:13  Stalker  
  106  10:17  Immortal  
  104  10:25  Probe  
  104  10:26  Probe  
  108  10:38  Probe x3  
  108  10:41  Templar Archives  
  111  10:43  Photon Cannon  
  110  10:50  Probe x2  
  110  10:56  Immortal  
  112  10:57  Adept  
  112  10:58  Adept x3  
  112  11:04  Probe  
  125  11:07  Probe  
  125  11:12  Probe  
  124  11:29  High Templar x3  
  124  11:30  Immortal, High Templar  
  132  11:37  Photon Cannon  
  136  11:40  Photon Cannon  
  136  11:42  Pylon  
  136  11:43  Archon  
  136  11:44  Archon  
  128  12:09  Nexus  
  122  12:27  Stalker x2, Adept x2  
  122  12:28  Adept  
  90  12:35  Stalker x2  

Tags
 
Add a new tag
Caveats
  • Supply blocks, unpowered buildings, or Contaminate may cause inaccurate times.
  • Supply counts are checked every 10 seconds.